 Dungeon Crawl Stone Soup version 0.29.1-15-g9cfb28693d (webtiles) character file.

Game seed: 121588689197118823

78 venomsnake the Conjurer (level 4, -19/24 HPs)
             Began as a Deep Elf Conjurer on Mar 24, 2023.
             Demolished by Manetho's ghost (31 damage)
             ... on level 3 of the Dungeon.
             The game lasted 00:05:20 (2031 turns).

venomsnake the Conjurer (Deep Elf Conjurer)         Turns: 2031, Time: 00:05:21

Health: -19/24     AC:  2    Str:  4    XL:     4   Next: 15%
Magic:  12/12      EV:  2    Int: 25    God:
Gold:   91         SH:  0    Dex: 13    Spells: 8/11 levels left

rFire   . . .      SeeInvis .   f - +2 dagger (speed)
rCold   . . .      Faith    .   (no shield)
rNeg    . . .      Spirit   .   a - +0 robe
rPois   .          Reflect  .   (no helmet)
rElec   .          Harm     .   (no cloak)
rCorr   .          Rampage  .   (no gloves)
Will    .....                   (no boots)
Stlth   ++........              (no amulet)
HPRegen 0.08/turn               (no ring)
MPRegen 0.13/turn               (no ring)

@: sleeping
A: no striking features
a: no special abilities


You were on level 3 of the Dungeon.
You visited 1 branch of the dungeon, and saw 3 of its levels.

You collected 91 gold pieces.

Inventory:

Hand Weapons
 f - a +2 dagger of speed (weapon)
Missiles
 e - 3 throwing nets
Armour
 a - a +0 robe (worn)
Scrolls
 c - 4 scrolls of identify {unknown}
 d - a scroll of noise {unknown}
 g - a scroll of magic mapping {unknown}
 j - a scroll of blinking {unknown}
 l - a scroll of fear {unknown}
 m - a scroll of teleportation {unknown}
 q - a scroll of immolation {unknown}
Potions
 b - a potion of magic
 h - a potion of lignification {unknown}
 i - a potion of brilliance {unknown}
 k - 2 potions of mutation {unknown}
 n - a potion of curing {unknown}
 o - a potion of heal wounds {unknown}
 p - a potion of cancellation {unknown}


   Skills:
 + Level 3.3 Dodging
 + Level 3.5 Stealth
 + Level 4.0 Spellcasting
 + Level 4.9 Conjurations


You had 8 spell levels left.
You knew the following spells:

 Your Spells              Type           Power      Damage    Failure   Level
a - Magic Dart            Conj           100%       1d8       1%          1
b - Searing Ray           Conj           58%        2d6       1%          2

Your spell library contained the following spells:

 Spells                   Type           Power      Damage    Failure   Level
 Dazzling Flash           Conj/Hex       34%        N/A       10%         3
 Fulminant Prism          Conj/Hex       8%         3d7       32%         4
 Iskenderun's Mystic Bla  Conj/Tloc      17%        2d5       32%         4


Dungeon Overview and Level Annotations

Branches:
Dungeon (3/15)

Altars:
Hepliaklqana

Shops:
D:1 :

Annotations:
D:3 Manetho's ghost, weakling VSEn


Message History

You closely miss the bat. The bat hits you but does no damage.
You hit the bat.
The bat is heavily wounded.
The bat closely misses you. The bat barely misses you.
You completely miss the bat.
The bat is heavily wounded.
The bat hits you but does no damage.
You barely miss the bat.
The bat is heavily wounded.
The bat hits you. The bat hits you but does no damage.
You barely miss the bat.
The bat is heavily wounded.
The bat hits you. The bat hits you but does no damage.
You closely miss the bat.
The bat is heavily wounded.
The bat hits you.
You hit the bat.
You kill the bat!
There is a stone staircase leading up here.
You now have 91 gold pieces (gained 15).
Found a sapphire potion.
Found a scroll labelled DAOLICRITA.
Manetho's ghost turns its malevolent gaze towards you.
Manetho's ghost screams, "You will never get the ORB!"
Found a runed translucent door.
A hobgoblin comes into view.
As you open the door, it creaks loudly!
The hobgoblin shouts!
You hear an angry hiss.
You hear a shout!
An adder comes into view.
You barely miss Manetho's ghost. You closely miss Manetho's ghost.
Manetho's ghost hits you!
Ouch! That really hurt!
You closely miss Manetho's ghost.
Manetho's ghost gestures at you while chanting.
You fall asleep.
An orc comes into view. It is wielding a +0 club.
Manetho's ghost hits you!!
Ouch! That really hurt!
You die...

####o .#.....##
.........
##...###...##
##...##⌠##...##
#...##...##.g.####
#..##..!..##.....#
#..#⌠..♣...W@..S.###
#..##..?..##.......#
#...##...##.........
##...##⌠##.........#
#.....###...#....###
#####.##.............#
......###.....#####.##
#####.# ##..### .# #.#
#.## .#


You could see Manetho's ghost, an adder, an orc and a hobgoblin.

Vanquished Creatures
  2 adders (D:2)
  2 dart slugs (D:1)
  2 worms (D:2)
  4 endoplasms
  3 giant cockroaches
  6 goblins (D:1)
  4 hobgoblins
  2 jackals (D:1)
  A quokka (D:2)
  6 ball pythons
  6 bats
  6 frilled lizards
  3 kobolds
  5 rats
52 creatures vanquished.

Notes
Turn   | Place    | Note
-------+----------+-------------------------------------------
     0 | D:1      | venomsnake the Deep Elf Conjurer began the quest for the
                  | Orb.
     0 | D:1      | Reached XP level 1. HP: 10/10 MP: 6/6
    35 | D:1      | Found Teost's Book Boutique.
   233 | D:1      | Reached XP level 2. HP: 15/15 MP: 5/8
   626 | D:1      | Learned a level 2 spell: Searing Ray
   649 | D:1      | Found a faded altar of an unknown god.
   762 | D:1      | Reached XP level 3. HP: 19/19 MP: 8/10
  1301 | D:2      | Found a hazy altar of Hepliaklqana.
  1537 | D:2      | Reached XP level 4. HP: 24/24 MP: 9/11
  2000 | D:3      | Noticed Manetho's ghost (weakling VSEn)
  2011 | D:3      | Found a runed translucent door.
  2031 | D:3      | Demolished by Manetho's ghost

Illustrated notes

Levels and vault maps discovered:
D:1:      scummos_arrival_simple_fountains, layout_rooms,
          shapermc_ecumenical_altar_acropolis, serial_shops,
          nicolae_shop_behind_doors
D:2:      layout_basic, basic_altar
D:3:      layout_loops_ring, hellmonk_ghost_happy_afterlife, uniq_natasha

Skill      XL: |  1  2  3  4 |
---------------+-------------+-----
Stealth        | 3 |  3.5
Dodging        | 3 |  3.3
Spellcasting   | 4 |  4.0
Conjurations   | |  4.9

Action                   |  1- 3 |  4- 6 || total
-------------------------+-------+-------++-------
Melee: Dagger            |     7 |    11 ||    18
 Cast: Magic Dart        |    81 |    16 ||    97
Armor: Robe              |     1 |     4 ||     5
Dodge: Dodged            |    20 |     3 ||    23
